 Dungeon Crawl Stone Soup version 0.29.1-15-g9cfb28693d (webtiles) character file.

Game seed: 3339454266240460267

5280 ThatPearl the Covert (level 10, -1/52 HPs)
             Began as a Spriggan Enchanter on Mar 11, 2023.
             Was a Priest of Dithmenos.
             Slain by an elephant (13 damage)
             ... on level 8 of the Dungeon.
             The game lasted 00:41:08 (12432 turns).

ThatPearl the Covert (Spriggan Enchanter)          Turns: 12432, Time: 00:41:09

Health: -1/52      AC:  4    Str:  4    XL:     10   Next: 37%
Magic:  15/23      EV: 19    Int: 22    God:    Dithmenos [***...]
Gold:   497        SH:  0    Dex: 15    Spells: 18/26 levels left

rFire   . . .      SeeInvis +   P - +5 short sword
rCold   . . .      Faith    .   (no shield)
rNeg    . . .      Spirit   .   r - +0 robe
rPois   .          Reflect  .   (helmet restricted)
rElec   .          Harm     .   N - +1 cloak {rCorr}
rCorr   +          Rampage  .   (gloves unavailable)
Will    ++...                   (boots unavailable)
Stlth   ++++++....              (no amulet)
HPRegen 0.17/turn               i - ring of willpower
MPRegen 0.18/turn               (no ring)

@: confusing by touch, wreathed by umbra, studying Hexes, very quick
A: very small, no large weapons, unfitting armour, see invisible, speed 3
a: Renounce Religion, Shadow Step


You were on level 8 of the Dungeon.
You worshipped Dithmenos.
Dithmenos was most pleased with you.
You visited 2 branches of the dungeon, and saw 10 of its levels.
You also visited: Sewer and Ossuary.

You collected 497 gold pieces.

Inventory:

Hand Weapons
 a - a +1 dagger
 b - a +0 sling
 g - a +3 trident of protection
 I - a +2 spear of venom
 P - a +5 short sword (weapon)
 R - a +4 dagger of chaos
Missiles
 l - 19 poisoned darts
 q - 130 stones
 A - 2 throwing nets
 S - 6 boomerangs
Armour
 r - a +0 robe (worn)
 M - a +0 cloak
 N - a +1 cloak of preservation (worn)
Magical Staves
 t - a staff of earth
 L - a staff of poison
Jewellery
 i - a ring of willpower (left hand)
Wands
 y - a wand of digging (4)
 G - a wand of polymorph (4)
Scrolls
 d - 2 scrolls of torment
 e - 4 scrolls of teleportation {unknown}
 f - 3 scrolls of magic mapping {unknown}
 k - 2 scrolls of poison {unknown}
 n - 2 scrolls of vulnerability {unknown}
 o - a scroll of amnesia
 u - 2 scrolls of fear {unknown}
 v - 2 scrolls of blinking {unknown}
 w - a scroll of summoning {unknown}
 x - a scroll of enchant weapon {unknown}
 z - a scroll of brand weapon {unknown}
 B - 3 scrolls of noise {unknown}
 O - a scroll of enchant armour {unknown}
 Q - a scroll of acquirement {unknown}
 T - a scroll of immolation {unknown}
Potions
 c - a potion of invisibility
 h - 8 potions of might
 j - 2 potions of flight {unknown}
 m - 5 potions of curing
 p - 6 potions of heal wounds
 s - 2 potions of haste
 C - 2 potions of mutation {unknown}
 D - 2 potions of berserk rage {unknown}
 E - 2 potions of ambrosia {unknown}
 F - 3 potions of attraction {unknown}
 H - 2 potions of resistance {unknown}
 J - 2 potions of lignification {unknown}
 K - a potion of cancellation {unknown}


   Skills:
 + Level 5.6 Fighting
 + Level 7.5 Short Blades
 + Level 5.2 Dodging
 - Level 10.3 Stealth
 + Level 8.7 Spellcasting
 + Level 10.2 Hexes


You had 18 spell levels left.
You knew the following spells:

 Your Spells              Type           Power      Damage    Failure   Level
d - Tukima's Dance        Hex            53%        N/A       1%          3
e - Ensorcelled Hibernat  Hex/Ice        64%        N/A       1%          2
t - Confusing Touch       Hex            53%        N/A       1%          3

Your spell library contained the following spells:

 Spells                   Type           Power      Damage    Failure   Level
 Dazzling Flash           Conj/Hex       64%        N/A       2%          3
 Necrotise                Necr           36%        1d5       7%          1
 Vampiric Draining        Necr           9%         2d6       21%         3
 Agony                    Necr           9%         N/A       88%         5


Dungeon Overview and Level Annotations

Branches:
Dungeon (9/15)             Temple (1/1) D:4            Lair (0/5) D:8
  Sewer (visited)         Ossuary (visited)
    Orc: D:9-12

Altars:
Ashenzari
Cheibriados
Dithmenos
Elyvilon
Gozag
Hepliaklqana
Kikubaaqudgha
Makhleb
Nemelex Xobeh
Okawaru
Qazlal
Ru
Sif Muna
Trog
Uskayaw
Vehumet
Wu Jian
Xom
Yredelemnul
Zin
The Shining One

Shops:
D:5 *

Annotations:
D:7 2 transporters, Sanktem7's ghost, novice MiFi
D:8 Prince Ribbit


Innate Abilities, Weirdness & Mutations

You are very small and have problems with some larger weapons.
You are too small for most types of armour.
You have supernaturally acute eyesight. (SInv)
You cover ground extremely quickly. (Speed+++)


Message History

The kobold shouts!
The helpless centaur fails to defend itself.
You perforate the centaur like a sieve!!!
You kill the centaur!
Dithmenos accepts your kill.
Your +2 shortbow of flaming shoots an arrow.
The arrow hits the elephant.
The arrow burns the elephant.
Aiming: Ensorcelled Hibernation (safe; 1% risk of failure)
Press: ? - help, Q - select action, (/) - cycle Shift-Dir - straight line, f - elephant
Aim: an elephant (lightly wounded, ally target, umbra, chance to affect: 27%)
The elephant looks drowsy...
Your +2 shortbow of flaming shoots an arrow.
The arrow hits the elephant.
The arrow burns the elephant.
The helpless elephant fails to defend itself.
You skewer the elephant like a kebab!!!
The elephant is almost dead.
The elephant tramples you!
You stumble backwards!
Casting: Ensorcelled Hibernation (safe; 1% risk of failure)
Confirm with . or Enter, or press ? or * to list all spells.
Your hands begin to glow red.
Prince Ribbit croaks.
You hear an angry hiss.
Your +2 shortbow of flaming falls from the air.
The kobold throws a stone.
The stone barely misses you. The elephant tramples you!
You stumble backwards!
You hit the elephant but do no damage.
The elephant is almost dead.
You hit the elephant but do no damage.
The elephant is almost dead.
The elephant closely misses you. The elephant barely misses you.
You completely miss the elephant.
The elephant is almost dead.
The kobold barely misses you. The elephant tramples you!!
* * * LOW HITPOINT WARNING * * *
You hold your ground!
The elephant trunk-slaps you.
* * * LOW HITPOINT WARNING * * *
Prince Ribbit croaks regally.
You hit the elephant but do no damage.
The elephant is almost dead.
The elephant tramples you!
You die...

# #.# # #.# #....##. #
#.# #.# #.##.... # #.#
###########.# ##.##.### #
#.#
#...........#####........
# ..#
#..)........##....###.###
# ###
#....)..†...#..######.# #
#.............## #)...# #
#........YF..## #.##### #
#.>.....@.K(.## #)l..<# #
###########...## #.#####
##.....###)# #.......##l#
#....P..##.# #####
..........Y# ....
...........## #..
#.F...>.....# #.#
##.........##


You could see an elephant, Prince Ribbit and a kobold.

Vanquished Creatures
  Joseph (D:9)
  Psyche (D:8)
  A troll (D:6)
  A shadow (D:6)
  A wyvern (D:8)
  Menkaure (D:6)
  4 water moccasins
  Pargi (Sewer)
  3 orc warriors
  A black bear (D:7)
  An ice beast (D:6)
  3 ogres
  4 centaurs
  A bullfrog (D:9)
  A kobold brigand (D:8)
  4 gnoll sergeants (D:5)
  3 scorpions
  3 water moccasin zombies (Ossuary)
  7 wights (D:7)
  3 necrophages
  4 jellies
  A howler monkey (D:5)
  8 hounds
  2 gnoll boudas (D:5)
  An orc priest (D:7)
  Crazy Yiuf (D:6)
  6 iguanas
  3 orc wizards
  2 mummies (Ossuary)
  6 adders
  21 gnolls
  A river rat (D:6)
  3 white imps
  3 ufetubi
  4 adder zombies (Ossuary)
  3 worms
  2 dart slugs
  21 orcs
  4 ball pythons
  A bat (D:1)
  2 endoplasms
  6 giant cockroaches
  7 goblins
  6 hobgoblins
  8 jackals
  13 kobolds
  3 quokkas
  3 frilled lizards
  A gnoll zombie (Ossuary)
  2 hobgoblin zombies (Ossuary)
  11 kobold zombies (Ossuary)
  4 orc zombies (Ossuary)
  9 rats
217 creatures vanquished.

Vanquished Creatures (others)
  A fungus (D:8)
1 creature vanquished.

Grand Total: 218 creatures vanquished

Notes
Turn   | Place    | Note
-------+----------+-------------------------------------------
     0 | D:1      | ThatPearl the Spriggan Enchanter began the quest for the
                  | Orb.
     0 | D:1      | Reached XP level 1. HP: 9/9 MP: 5/5
   214 | D:1      | Reached XP level 2. HP: 5/13 MP: 6/6
   217 | D:1      | Learned a level 2 spell: Ensorcelled Hibernation
   982 | D:1      | Found a faded altar of an unknown god.
  2014 | D:2      | Reached XP level 3. HP: 15/17 MP: 1/8
  2160 | D:2      | Found a hazy altar of Hepliaklqana.
  2271 | D:1      | Reached skill level 5 in Stealth
  2661 | D:2      | Reached skill level 1 in Fighting
  2825 | D:1      | Learned a level 3 spell: Confusing Touch
  2829 | D:1      | Learned a level 3 spell: Tukima's Dance
  2874 | D:2      | Reached XP level 4. HP: 22/22 MP: 5/10
  3198 | D:3      | Noticed a centaur
  3223 | D:3      | Killed a centaur
  3224 | D:3      | Reached XP level 5. HP: 25/25 MP: 11/11
  3279 | D:3      | Found a burning altar of Makhleb.
  4043 | D:3      | Found a sparkling altar of Nemelex Xobeh.
  4528 | D:4      | Reached XP level 6. HP: 28/30 MP: 4/13
  4531 | D:4      | Reached skill level 5 in Hexes
  4874 | D:4      | Found a staircase to the Ecumenical Temple.
  4883 | Temple   | Entered the Ecumenical Temple
  4935 | Temple   | Became a worshipper of Dithmenos the Shadowed
  5498 | D:5      | Entered Level 5 of the Dungeon
  5528 | D:5      | Found a sand-covered staircase.
  5532 | Ossuary  | Entered an ossuary
  5709 | Ossuary  | Reached * piety under Dithmenos
  5710 | Ossuary  | Reached XP level 7. HP: 8/35 MP: 7/15
  6153 | Ossuary  | Reached skill level 5 in Spellcasting
  6689 | D:5      | Found Haakeklu's General Store.
  6797 | D:5      | Found a snail-covered altar of Cheibriados.
  6877 | D:5      | Reached XP level 8. HP: 40/40 MP: 4/17
  7256 | D:5      | Reached ** piety under Dithmenos
  7449 | D:5      | Found a glowing silver altar of Zin.
  7510 | D:5      | Reached skill level 5 in Short Blades
  8727 | D:6      | Reached XP level 9. HP: 26/45 MP: 1/20
  8764 | D:6      | Found a glowing drain.
  8778 | Sewer    | Entered a sewer
  9046 | Sewer    | Noticed Pargi
  9048 | Sewer    | Killed Pargi
  9236 | D:6      | Noticed a troll
  9312 | D:5      | Reached *** piety under Dithmenos
  9541 | D:6      | Reached skill level 10 in Stealth
  9662 | D:6      | Noticed Menkaure
  9665 | D:6      | Killed Menkaure
 10022 | D:6      | Identified the +0 leather armour of Vehumet's Outrage
                  | {Int+7}
 10061 | D:6      | Found a runed translucent door.
 10062 | D:6      | Noticed Crazy Yiuf
 10069 | D:6      | Killed Crazy Yiuf
 10206 | D:7      | Found a transporter.
 10221 | D:7      | Found a transporter.
 10529 | D:7      | Found an ancient bone altar of Kikubaaqudgha.
 10600 | D:7      | Noticed a moth of wrath
 10602 | D:7      | Noticed Sanktem7's ghost (novice MiFi)
 10757 | D:6      | Killed a troll
 10758 | D:6      | Reached skill level 5 in Fighting
 11406 | D:7      | Reached XP level 10. HP: 51/51 MP: 16/23
 11609 | D:8      | Found a staircase to the Lair.
 11609 | D:8      | Noticed an elephant
 11863 | D:8      | Noticed Psyche
 11867 | D:8      | Killed Psyche
 11884 | D:8      | Noticed Prince Ribbit
 11920 | D:9      | Found an ornate altar of the Wu Jian Council.
 11945 | D:9      | Noticed Joseph
 11958 | D:9      | Killed Joseph
 11969 | D:9      | Reached skill level 5 in Dodging
 11969 | D:9      | Reached skill level 10 in Hexes
 12432 | D:8      | Slain by an elephant

Illustrated notes

Levels and vault maps discovered:
D:1:      elethiomel_arrival_infinity_welcomes_careful_drivers,
          layout_loops_ring, chequers_ecumenical_altar_simple_redux
D:2:      layout_loops_cross, basic_altar, guppyfry_early_orc_mine
D:3:      minmay_skewed_foursquare, layout_loops_cross, bloody_makhleb,
          mainiacjoe_overflow_concentric_impassable
D:4:      layout_basic, minmay_temple_entry_glass, kennysheep_generic_room_6
D:5:      layout_cave_pools, slow_altar_1, kennysheep_mini, serial_gnoll_camp,
          gnoll_camp_mini_sergeant, gnoll_camp_mini_shop, gnoll_camp_mini_hut,
          gnoll_camp_huts_basic, nicolae_ossuary_entry_plus
D:6:      layout_gridville, portal_sewer_entry_a, minmay_manual_monstrance,
          uniq_menkaure, uniq_crazy_yiuf_cottage
D:7:      layout_gridville, nicolae_kikubaaqudgha_miasma_corner,
          gammafunk_ghost_berserking_beasts
D:8:      layout_basic, david_lair_generic, uniq_psyche, uniq_prince_ribbit1
D:9:      layout_cave_pools, tgw_fedhas, nzn_wu_jian_council_hall, uniq_joseph
Temple:   eino_wide_crystal_templ

Skill      XL: |  1  2  3  4  5  6  7  8  9 10 |
---------------+-------------------------------+-----
Spellcasting   | 3 4 5 6 8 |  8.7
Hexes          | 4 5 6 7 9 10 | 10.2
Stealth        | 5 6 7 9 10 | 10.3
Fighting       | 1 2 3 4 5 |  5.6
Short Blades   | 2 3 4 5 7 |  7.5
Dodging        | 4 5 |  5.2

Action                   |  1- 3 |  4- 6 |  7- 9 | 10-12 || total
-------------------------+-------+-------+-------+-------++-------
Melee: Dagger            |    87 |   129 |   219 |       ||   435
       Punch             |     1 |     2 |     4 |       ||     7
       Short sword       |       |       |    29 |    60 ||    89
       Trident           |       |       |     7 |       ||     7
 Fire: Sling             |     2 |       |       |       ||     2
 Cast: Ensorcelled Hiber |    24 |    42 |   111 |    15 ||   192
       Confusing Touch   |       |     3 |    17 |     4 ||    24
       Tukima's Dance    |       |       |       |     1 ||     1
  Use: Scroll            |       |       |     7 |       ||     7
       Potion            |       |       |       |     2 ||     2
 Stab: Sleeping          |    23 |    34 |    82 |    16 ||   155
       Confused          |       |     3 |    15 |     2 ||    20
       Invisible         |       |       |       |     2 ||     2
Armor: Robe              |     5 |    14 |    18 |     3 ||    40
Dodge: Dodged            |    55 |    96 |   232 |    33 ||   416
